Map: 莱瑞拉克之冠

Players

shengy

  • Race: Zerg Zerg
  • League: Platinum

PsykoPunkK - Winner!

  • Race: Terran Terran
  • League: Platinum

VOD

Have the link to the VOD?

Description

Time

  • Played on: Dec. 27, 2015, 7:39 p.m.
  • Length: 13:53
Show
View Real Time Build Order
Export as new Build Order

shengy Zerg 

Build Orders: Hatch First 

Get SALT Encoding   

  12  0:01  Drone  
  13  0:09  Drone  
  14  0:16  Overlord  
  14  0:35  Drone x3  
  17  0:46  Drone  
  18  0:57  Hatchery  
  18  1:02  Drone  
  18  1:14  Spawning Pool  
  18  1:18  Drone  
  18  1:22  Extractor  
  18  1:24  Drone  
  18  2:02  Zergling x2  
  18  2:03  Zergling x4  
  18  2:08  Extractor, Queen  
  23  2:10  Overlord  
  23  2:15  Queen  
  25  2:16  Overlord  
  25  2:22  Drone  
  26  2:27  Drone  
  26  2:31  Drone  
  27  2:39  Drone  
  28  2:56  Hatchery  
  28  2:57  Lair  
  27  3:13  Extractor  
  27  3:14  Drone x3  
  27  3:16  Drone x2  
  27  3:18  Drone  
  32  3:27  Drone x2  
  34  3:39  Roach Warren  
  34  3:41  Drone x2  
  35  3:44  Metabolic Boost  
  35  3:56  Drone x2  
  35  3:57  Drone x2  
  35  4:00  Extractor  
  38  4:05  Drone x2  
  38  4:06  Drone  
  42  4:10  Drone  
  42  4:16  Queen  
  44  4:20  Overlord  
  45  4:31  Drone x5  
  45  4:37  Overlord  
  49  4:40  Glial Reconstitution  
  49  4:44  Roach  
  53  4:45  Roach  
  53  4:52  Roach x2  
  57  4:56  Spore Crawler  
  56  5:00  Spore Crawler  
  56  5:06  Drone x3  
  58  5:08  Overlord  
  58  5:09  Overlord  
  58  5:25  Overlord  
  58  5:26  Overlord  
  58  5:27  Drone x5  
  58  5:28  Drone  
  59  5:47  Spore Crawler  
  54  5:56  Queen  
  52  5:57  Spore Crawler  
  52  5:58  Ravager x2  
  52  5:59  Ravager x2  
  54  6:04  Roach  
  54  6:05  Roach x6  
  66  6:25  Extractor  
  65  6:34  Queen  
  65  6:36  Drone x6  
  65  6:38  Drone x3  
  76  6:40  Drone  
  76  6:43  Drone  
  78  6:57  Drone  
  78  6:59  Overlord  
  78  7:08  Spire  
  77  7:09  Overseer  
  77  7:21  Extractor  
  76  7:24  Drone x12  
  88  7:33  Roach  
  88  7:34  Roach  
  92  7:46  Spore Crawler  
  92  7:49  Spore Crawler  
  81  8:08  Overlord  
  81  8:19  Mutalisk x4  
  83  8:21  Overlord  
  83  8:22  Overlord x2  
  89  8:33  Mutalisk  
  90  8:37  Overlord x2  
  90  8:42  Ravager x3  
  90  8:43  Mutalisk x5, Ravager  
  104  8:49  Overseer  
  104  8:54  Pneumatized Carapace  
  104  9:06  Drone x2  
  106  9:16  Overlord x2  
  106  9:18  Zergling x8  
  110  9:30  Overlord x2  
  110  9:39  Hatchery  
  110  9:44  Extractor  
  93  9:54  Corruptor x8  
  93  10:11  Corruptor  
  93  10:12  Corruptor, Overlord  
  94  10:28  Zergling x2  
  94  10:29  Zergling x18  
  76  11:05  Hatchery  
  52  11:20  Overseer  
  52  11:21  Queen  
  52  11:23  Zergling x2  
  52  11:24  Zergling x34  
  72  11:53  Corruptor x7  
  85  12:05  Corruptor x2  
  72  12:27  Overseer x2  
  70  12:33  Corruptor  
  70  12:34  Corruptor  
  72  12:38  Corruptor  
  72  12:39  Corruptor  
  76  12:55  Drone x2  
  76  12:56  Drone x3  
  76  12:57  Drone  
  82  12:58  Drone  
  83  13:08  Extractor  
  82  13:18  Extractor  
Show
View Real Time Build Order
Export as new Build Order

PsykoPunkK Terran - Winner!

Build Orders: Banshee Rush 

Get SALT Encoding   

  12  0:01  SCV  
  13  0:13  SCV  
  14  0:17  Supply Depot  
  14  0:25  SCV  
  15  0:39  SCV  
  15  0:40  Barracks  
  16  0:47  Refinery  
  16  0:51  SCV  
  17  1:03  SCV  
  18  1:13  Refinery  
  18  1:18  SCV  
  19  1:32  Orbital Command  
  19  1:35  Marine  
  20  1:51  Factory  
  20  1:54  Marine  
  20  1:59  SCV  
  22  2:14  Command Center  
  22  2:29  SCV  
  23  2:33  Supply Depot  
  23  2:41  Factory Tech Lab, Starport  
  23  2:55  SCV, Marine  
  24  3:07  SCV  
  25  3:12  Supply Depot  
  25  3:19  SCV  
  26  3:26  Bunker  
  26  3:27  Orbital Command  
  26  3:30  Marine  
  26  3:31  SCV  
  28  3:36  Banshee  
  31  3:43  Cloaking Field  
  31  3:52  SCV x2  
  33  4:00  Factory Tech Lab  
  33  4:02  Starport  
  33  4:05  Supply Depot  
  33  4:07  SCV  
  33  4:09  Marine  
  35  4:13  SCV  
  36  4:19  Banshee, SCV  
  40  4:25  SCV  
  42  4:31  SCV  
  42  4:33  Refinery  
  42  4:36  Starport  
  42  4:37  SCV  
  43  4:40  Starport Tech Lab  
  43  5:00  Banshee  
  46  5:07  Banshee  
  46  5:09  Siege Tank  
  52  5:16  SCV x2  
  52  5:18  Refinery  
  52  5:21  Starport Reactor  
  54  5:26  Supply Depot  
  54  5:28  SCV x2  
  56  5:40  SCV  
  56  5:41  SCV  
  58  5:42  Liberator  
  58  5:43  Liberator  
  58  5:49  Banshee  
  63  6:26  Banshee  
  63  6:30  SCV, Command Center  
  63  6:31  SCV  
  68  6:47  Supply Depot  
  68  6:49  Supply Depot  
  68  6:51  Liberator x2  
  68  7:04  Supply Depot  
  68  7:05  SCV x2  
  70  7:08  Command Center  
  70  7:09  Supply Depot  
  70  7:10  Armory  
  70  7:11  Banshee, Supply Depot  
  79  7:25  Supply Depot  
  79  7:27  Supply Depot x2  
  79  7:34  Liberator x2  
  79  7:37  Banshee  
  79  7:42  Armory  
  82  7:50  Supply Depot  
  88  8:03  Banshee  
  88  8:17  Liberator  
  88  8:20  Banshee  
  91  8:38  Orbital Command  
  94  8:42  Engineering Bay  
  94  8:45  Banshee, Orbital Command  
  97  8:53  Terran Ship Weapons Level 1  
  97  8:58  Fusion Core  
  97  9:01  Armory  
  97  9:06  Command Center  
  94  9:18  SCV x4  
  94  9:19  Liberator x3  
  98  9:30  SCV x3  
  98  9:31  SCV  
  102  9:33  Missile Turret  
  111  9:39  Missile Turret  
  111  9:41  Liberator  
  111  9:42  SCV  
  102  9:53  SCV x2  
  107  10:25  Refinery x2  
  107  10:27  Hyperflight Rotors  
  105  10:45  Liberator x3  
  101  10:51  Orbital Command  
  101  10:53  SCV x2  
  87  11:20  Terran Ship Weapons Level 2  
  87  11:21  Orbital Command  
  87  11:27  SCV x2  
  87  11:31  SCV  
  90  11:37  Battlecruiser  
  96  11:47  Starport  
  96  12:07  SCV  
  96  12:08  SCV x3  
  83  12:19  SCV  
  83  12:20  SCV x3  
  87  12:30  Liberator x2  
  87  12:31  SCV  
  87  12:32  SCV x4  
  92  12:42  Orbital Command  
  91  12:45  Starport Tech Lab  
  91  12:50  SCV x3  
  91  12:51  SCV  
  101  13:02  SCV x2  
  101  13:03  SCV x2  
  105  13:14  SCV  
  105  13:15  SCV  
Tags
 
Add a new tag
Caveats
  • Supply blocks, unpowered buildings, or Contaminate may cause inaccurate times.
  • Supply counts are checked every 10 seconds.